[Event "*** SCC Grand Prix: Titled Tuesday Blitz"]
[Site "Chess.com"]
[Date "2020.06.23"]
[Round "2"]
[White "IwkooO"]
[Black "Angry_Twin"]
[Result "0-1"]
[WhiteElo "2523"]
[BlackElo "2795"]
[TimeControl "180+1"]
[EndTime "10:18:22 PDT"]
[Termination "Angry_Twin won by resignation"]

1. e4 c5 2. Nf3 d6 3. d4 cxd4 4. Nxd4 Nf6 5. Nc3 a6 6. Be3 e5 7.
Nb3 Be6 8. Qd2 Nbd7 9. f4 b5 10. O-O-O Rc8 11. h3 Qc7 12. f5 Bc4 13. Kb1 h5 14.
Bd3 Be7 15. Qe2 h4 16. a3 Nh5 17. Bxc4 Qxc4 18. Qxc4 Rxc4 19. Nd2 Rc6 20. Nd5 a5 21. Rhe1 Bd8 22. Nc3 b4 23. axb4 axb4 24. Nd5 Nhf6 25. Nxf6+ Nxf6 26. Bg5 Nd7 27. Bxd8 Kxd8 28.
b3 Nb6 29. Nf3 Ke7 30. Rd2 Nd7 31. Rd5 Nc5 32. Nd2 Ra8 33. Nc4 Rca6 34. Kc1 Ra1+ 35.
Kd2 Rxe1 36. Kxe1 Nxe4 37. Rb5 Ra1+ 38. Ke2 Nc3+ 0-1

[Event "*** SCC Grand Prix: Titled Tuesday Blitz"]
[Site "Chess.com"]
[Date "2020.06.23"]
[Round "2"]
[White "FedaMaster"]
[Black "GukeshDommaraju"]
[Result "0-1"]
[WhiteElo "2475"]
[BlackElo "2713"]
[TimeControl "180+1"]
[EndTime "10:18:22 PDT"]
[Termination "GukeshDommaraju won by resignation"]

1. e4 c5 2. d4 cxd4 3. c3 Nf6 4. e5 Nd5 5. Qxd4 e6 6. Nf3 Nc6 7. Qe4 d6 8. Bb5 Bd7 9. c4 Nc7 10. exd6 Bxd6 11. Nc3 O-O 12. Bg5 Be7 13. h4 f5 14. Qe3 Nb4 15. O-O-O Nxb5 16. cxb5 Rc8 17. Kb1 Qe8 18. Bxe7 Qxe7 19. a3 f4 20. Qe4 e5 21.
Qxb4 Bf5+ 22. Ka1 Qe8 23. Rhe1 Qg6 24. Nxe5 Qh5 25. Nd5 Kh8 26. Ne7 Rcd8 27. Nxf5 Rxd1+ 28. Ka2 Rxf5 29. Rxd1 Qxd1 30. Qe7 Qd5+ 31. Ka1 Rxe5 0-1

[Event "*** SCC Grand Prix: Titled Tuesday Blitz"]
[Site "Chess.com"]
[Date "2020.06.23"]
[Round "2"]
[White "Azoulas1"]
[Black "CalinGheorghiu"]
[Result "0-1"]
[WhiteElo "2029"]
[BlackElo "2381"]
[TimeControl "180+1"]
[EndTime "10:18:22 PDT"]
[Termination "CalinGheorghiu won on time"]

1. e4 c5 2. Nf3 d6 3. d4 cxd4 4. Nxd4 Nf6 5. Nc3 a6 6. Bg5 e6 7. f4 h6 8. Bxf6 Qxf6 9. Qd2 Nc6 10. Nxc6 bxc6 11. O-O-O Be7 12. g4 g5 13. f5 Rb8 14. Bc4 O-O 15. Bb3 Rd8 16. Kb1 c5 17. Qe3 Kg7 18. Rhg1 Qe5 19. Rg2 Bf6 20. Ka1 Bd7 21.
h4 Rb4 22. fxe6 fxe6 23. hxg5 Bxg5 24. Qd3 Bb5 25. Nxb5 axb5 26. c3 c4 27. Qd2 Rxb3 28. Qe1 Ra8 29. Rf2 Qc5 30. Qf1 Ra7 0-1

[Event "*** SCC Grand Prix: Titled Tuesday Blitz"]
[Site "Chess.com"]
[Date "2020.06.23"]
[Round "2"]
[White "2346PL"]
[Black "ChessQueen"]
[Result "0-1"]
[WhiteElo "2472"]
[BlackElo "2705"]
[TimeControl "180+1"]
[EndTime "10:18:23 PDT"]
[Termination "ChessQueen won by resignation"]

1. d4 Nf6 2. Bg5 d5 3. e3 c5 4. c3 Ne4 5. Bf4 g5 6. Be5 f6 7. Qh5+ Kd7 8. Bxb8 Rxb8 9. Nf3 Qb6 10. b3 Kc7 11.
Nfd2 Bf5 12. Nxe4 Bxe4 13. Nd2 Bg6 14. Qf3 Rd8 15. h4 gxh4 16. Rxh4 e5 17. dxe5 fxe5 18.
Qg3 Qf6 19. Be2 Bd6 20. e4 Be7 21. Rh1 dxe4 22. O-O-O Qf4 23. Qe3 Qxe3 24. fxe3 Bg5 25.
Nf1 Rxd1+ 26. Kxd1 Rf8 27. Ke1 a6 28. Bh5 Bf5 29. Ke2 Bd7 30. Ng3 Bb5+ 31. c4 Bc6 32. Bg4 h6 33. Bf5 b5 34. Bxe4 bxc4 35. Bxc6 Kxc6 36.
bxc4 Rb8 37. Rd1 Rb4 38. Ne4 Rxc4 39. Rd6+ Kc7 40. Kd3 Rxe4 41. Rxa6 Rxe3+ 42. Kc4 Re2 0-1

[Event "*** SCC Grand Prix: Titled Tuesday Blitz"]
[Site "Chess.com"]
[Date "2020.06.23"]
[Round "2"]
[White "tamarozi99"]
[Black "CroissantNeuf"]
[Result "0-1"]
[WhiteElo "2069"]
[BlackElo "2388"]
[TimeControl "180+1"]
[EndTime "10:18:24 PDT"]
[Termination "CroissantNeuf won on time"]

1. e4 c6 2. d4 d5 3. e5 Bf5 4.
h4 a6 5. g4 Bd7 6. Bd3 c5 7. c3 cxd4 8. cxd4 Nc6 9. Be3 Qb6 10.
Nc3 e6 11. f3 Nxe5 12. Qe2 Nxd3+ 13. Qxd3 Qxb2 14. Rb1 Qg2 15. Rh3 h5 16. Bf2 hxg4 17.
Rg3 Qh2 18. Rxb7 Bd6 19. Rxg4 Nf6 20. Rxg7 Rc8 21. Ke2 Rxh4 22. Kf1 Rh8 23. Rg2 Qh1 24. Qe3 Nh5 25. Nxd5 Rc2 26. Nc3 Nf4 27. Ra7 Nxg2 0-1

[Event "*** SCC Grand Prix: Titled Tuesday Blitz"]
[Site "Chess.com"]
[Date "2020.06.23"]
[Round "2"]
[White "iverichighladze"]
[Black "mjray79"]
[Result "1-0"]
[WhiteElo "2454"]
[BlackElo "2245"]
[TimeControl "180+1"]
[EndTime "10:18:25 PDT"]
[Termination "iverichighladze won by checkmate"]

1. d4 Nf6 2. c4 g6 3. Nc3 Bg7 4.
e4 d6 5. f3 O-O 6. Be3 c5 7.
dxc5 dxc5 8. Qxd8 Rxd8 9. Bxc5 Nc6 10. Nge2 Nd7 11. Be3 Nde5 12. Nf4 Na5 13. c5 Nac4 14. Bc1 e6 15. Bxc4 Nxc4 16. O-O Bd4+ 17. Kh1 Bxc5 18. b3 Ne3 19. Bxe3 Bxe3 20. Nfe2 Bd7 21. Rfd1 Bc6 22. Rxd8+ Rxd8 23. Rd1 Rxd1+ 24. Nxd1 Bb6 25. Nb2 Kf8 26. Nc4 Bc5 27. Na5 e5 28. Nxc6 bxc6 29. g3 Ke7 30.
Kg2 Kd6 31. Nc1 Be3 32. Nd3 c5 33. f4 exf4 34. gxf4 f5 35. Kf3 Bd4 36. e5+ Kd5 37. Nc1 g5 38. fxg5 Bxe5 39. h4 c4 40. bxc4+ Kxc4 41. Ke3 Bg3 42. h5 Bh4 43. g6 hxg6 44. hxg6 Bf6 45. Kf4 Bb2 46. Kxf5 Kb4 47. Nd3+ Ka3 48. Nxb2 Kxb2 49. g7 a5 50. g8=Q a4 51. Qc4 a3 52.
Qb3+ Ka1 53. Qxa3 Kb1 54. Qb3+ Ka1 55. Qa4 Kb1 56. a3 Ka1 57. Qb4 Ka2 58. a4 Ka1 59. a5 Ka2 60. a6 Ka1 61. a7 Ka2 62. a8=Q# 1-0

[Event "*** SCC Grand Prix: Titled Tuesday Blitz"]
[Site "Chess.com"]
[Date "2020.06.23"]
[Round "2"]
[White "Alindsay211"]
[Black "fischercapa"]
[Result "1-0"]
[WhiteElo "2265"]
[BlackElo "2437"]
[TimeControl "180+1"]
[EndTime "10:18:25 PDT"]
[Termination "Alindsay211 won by resignation"]

1. e4 c5 2. Nf3 d6 3. d4 cxd4 4.
Nxd4 Nf6 5. Nc3 a6 6. h3 e6 7.
g4 Be7 8. Bg2 Nc6 9. Be3 O-O 10.
Qe2 Nxd4 11. Bxd4 e5 12. Be3 Be6 13. Kd1 Rc8 14. g5 Nd7 15. h4 b5 16. Nd5 Bxd5 17.
exd5 f5 18. gxf6 Nxf6 19. Kc1 Qa5 20. Kb1 b4 21. a3 b3 22. cxb3 Kh8 23. Rd1 Rb8 24.
Ka2 Rb7 25. Qd2 Qc7 26. Rac1 Qd7 27. Qa5 Rfb8 28. Rc3 Qg4 29. Rg1 Ne4 30. Rc4 Rxb3 31. Bc1 Nc3+ 32. Rxc3 Rxc3 33. Qxc3 Bxh4 34. Be3 Bf6 35. f3 Qh4 36. Rc1 h6 37. Qc4 Qh2 38. Rc2 e4 39. fxe4 Qe5 40. Bc1 a5 41. Bh3 a4 42. Bd7 Qg5 43. Bxg5 1-0

[Event "*** SCC Grand Prix: Titled Tuesday Blitz"]
[Site "Chess.com"]
[Date "2020.06.23"]
[Round "2"]
[White "mr65"]
[Black "simplerXiao"]
[Result "0-1"]
[WhiteElo "2094"]
[BlackElo "2401"]
[TimeControl "180+1"]
[EndTime "10:18:25 PDT"]
[Termination "simplerXiao won on time"]

1. e4 e6 2. d4 d5 3. Nc3 dxe4 4. Nxe4 Bd7 5. Bd3 c6 6. Nf3 Be7 7. O-O Nf6 8. Re1 Nxe4 9. Bxe4 Qc7 10. c3 c5 11. dxc5 Bxc5 12. Be3 Na6 13. Bxc5 Nxc5 14. Bc2 O-O-O 15. Qe2 f6 16. Nd4 e5 17. Nb5 Qb6 18. a4 a6 19. Na3 Kb8 20. b4 Ne6 21. a5 Qc7 22. g3 Qxc3 23. b5 axb5 24. Reb1 Nd4 25.
Qd3 Rc8 26. Qxc3 Rxc3 27. Bd1 Bc6 28. Rc1 b4 29. Rxc3 bxc3 30. Nc2 Rd8 31. a6 bxa6 32. Rxa6 Kb7 33. Ra3 Nb5 34. Ra1 Rd2 35. Ne3 Nd4 36.
Ba4 Bxa4 0-1

[Event "*** SCC Grand Prix: Titled Tuesday Blitz"]
[Site "Chess.com"]
[Date "2020.06.23"]
[Round "2"]
[White "Shahinyan_ChessMood"]
[Black "LiemLe"]
[Result "0-1"]
[WhiteElo "2606"]
[BlackElo "3005"]
[TimeControl "180+1"]
[EndTime "10:18:26 PDT"]
[Termination "LiemLe won on time"]

1. e4 e5 2. Nf3 Nc6 3. Be2 Nf6 4.
d3 Bc5 5. Nbd2 d6 6. c3 a5 7. h3 O-O 8. Nf1 Re8 9. g4 d5 10. Qc2 b6 11. Be3 d4 12. Bd2 Ba6 13. Ng3 Nd7 14. O-O Nf8 15. Kh2 Ne6 16. a3 a4 17.
Rac1 Bb7 18. Nf5 g6 19. Rg1 Kh8 20. cxd4 Ncxd4 21. N3xd4 exd4 22. Ng3 Bd6 23. Rcf1 Nf4 24. Bxf4 Bxf4 25. Kg2 c5 26. Bf3 Qd7 27. Ne2 Bc7 28. Kh1 f5 29. Ng3 Rf8 30. Qe2 Rae8 31. Bg2 f4 0-1

[Event "*** SCC Grand Prix: Titled Tuesday Blitz"]
[Site "Chess.com"]
[Date "2020.06.23"]
[Round "2"]
[White "Andreikka"]
[Black "francyIM"]
[Result "1-0"]
[WhiteElo "2942"]
[BlackElo "2597"]
[TimeControl "180+1"]
[EndTime "10:18:26 PDT"]
[Termination "Andreikka won by resignation"]

1. c4 Nf6 2. Nc3 e5 3. Nf3 Nc6 4. e4 Bc5 5. Nxe5 Nxe5 6. d4 Bb4 7. dxe5 Nxe4 8. Qf3 Nxc3 9. bxc3 Ba5 10. Bf4 O-O 11.
O-O-O Qe7 12. Kb2 Rb8 13. Qe3 b5 14. c5 b4 15. c4 b3 16. a3 f6 17. Bd3 fxe5 18.
Bxe5 Re8 19. Bd4 Qxe3 20. Bxe3 Bb7 21. Bf5 d6 22. cxd6 cxd6 23. Rd3 Bb6 24. Bxb6 Re2+ 25.
Kxb3 Bxg2 26. Rg1 Rxb6+ 27. Kc3 Rxf2 28. Be6+ Kf8 29. Rg3 Rbb2 30. Rd3 Ke7 31. Bg4 Be4 32. Re1 Rbc2+ 33. Kd4 d5 34. cxd5 Kd6 35. Rxe4 1-0

[Event "*** SCC Grand Prix: Titled Tuesday Blitz"]
[Site "Chess.com"]
[Date "2020.06.23"]
[Round "2"]
[White "shnitez"]
[Black "Evgeny81"]
[Result "0-1"]
[WhiteElo "2519"]
[BlackElo "2789"]
[TimeControl "180+1"]
[EndTime "10:18:26 PDT"]
[Termination "Evgeny81 won on time"]

1. d4 Nf6 2. c4 e5 3. dxe5 Ne4 4. Nd2 Nc5 5. Ngf3 Nc6 6. a3 a5 7.
g3 d6 8. exd6 Qxd6 9. Bg2 Bf5 10. O-O O-O-O 11. b4 Ne4 12. Qb3 a4 13. Qb2 Be7 14.
Nxe4 Bxe4 15. Bf4 Bf6 16. Bxd6 Bxb2 17. Ra2 Bf6 18. Bf4 Rhe8 19. Bg5 Bxf3 20. Bh3+ Kb8 21. Bxf6 Bxe2 22. Bxd8 Bxc4 23. Bxc7+ Kxc7 24. Rc2 Bxf1 25. Kxf1 Kb6 26. Bd7 Re5 27. Bxc6 bxc6 28. Rc3 c5 29. bxc5+ Rxc5 30. Rf3 f6 31. h4 Rb5 32. Re3 Rb3 33. Re7 Rxa3 34. Rxg7 Rc3 35. Rg8 Rc7 36. Rd8 a3 37.
Rd1 Kb5 0-1

[Event "*** SCC Grand Prix: Titled Tuesday Blitz"]
[Site "Chess.com"]
[Date "2020.06.23"]
[Round "2"]
[White "Alopekos"]
[Black "AGW2016"]
[Result "1-0"]
[WhiteElo "2452"]
[BlackElo "2232"]
[TimeControl "180+1"]
[EndTime "10:18:26 PDT"]
[Termination "Alopekos won by checkmate"]

1. c4 g6 2. Nc3 Bg7 3. g3 Nf6 4. Bg2 O-O 5. d3 d6 6. e4 c5 7. Nge2 Nc6 8. O-O Ne8 9. f4 Nc7 10. f5 a6 11. Bg5 h6 12. Bd2 b5 13. cxb5 axb5 14. a3 b4 15. Na4 Ba6 16. fxg6 fxg6 17. Rxf8+ Qxf8 18. axb4 cxb4 19. Nb6 Rd8 20. Nd5 Nxd5 21.
exd5 Ne5 22. Rxa6 Nxd3 23. Qf1 Qxf1+ 24. Kxf1 Bxb2 25. Bxh6 Be5 26. Rb6 Ra8 27. Nf4 Bd4 28.
Rb7 Ra1+ 29. Ke2 Nc1+ 30. Kf3 b3 31. Nxg6 b2 32. Nxe7+ Kh8 33. Ng6+ Kg8 34. Bh3 Ra3+ 35. Kg2 Rb3 36. Be6# 1-0

[Event "*** SCC Grand Prix: Titled Tuesday Blitz"]
[Site "Chess.com"]
[Date "2020.06.23"]
[Round "2"]
[White "SamuelGhimpu2003"]
[Black "mishanick"]
[Result "0-1"]
[WhiteElo "2604"]
[BlackElo "3000"]
[TimeControl "180+1"]
[EndTime "10:18:27 PDT"]
[Termination "mishanick won on time"]

1. Nf3 d5 2. e3 Nf6 3. c4 e6 4. b3 dxc4 5. Bxc4 a6 6. Bb2 b5 7. Be2 Bb7 8. O-O Bc8 9. d4 Bb7 10. Nbd2 Nbd7 11. Rc1 c5 12. Bd3 Be7 13. Qe2 O-O 14. e4 cxd4 15. e5 Nd5 16. Qe4 g6 17. Bxd4 Nb4 18. Qxb7 Nxd3 19. Rc7 N7c5 20. Qc6 Nb4 21.
Qxa8 Qxa8 22. Rxe7 Rc8 23. Ng5 h6 24. Bxc5 Nd5 25.
Nge4 Rxc5 26. Rxf7 Kxf7 27. Nxc5 Nc3 28. Re1 Qd5 29. Nce4 g5 30. g3 Nxe4 31. Nxe4 Qxe5 32. f3 Qd4+ 33. Kf1 a5 34. g4 a4 0-1

[Event "*** SCC Grand Prix: Titled Tuesday Blitz"]
[Site "Chess.com"]
[Date "2020.06.23"]
[Round "2"]
[White "kuba2006"]
[Black "olksuna"]
[Result "1-0"]
[WhiteElo "2339"]
[BlackElo "2595"]
[TimeControl "180+1"]
[EndTime "10:18:27 PDT"]
[Termination "kuba2006 won by checkmate"]

1. e4 d6 2. d4 Nf6 3. Nc3 c6 4. f3 e5 5. Be3 Be7 6. Nge2 O-O 7.
Qd2 exd4 8. Nxd4 d5 9. exd5 Nxd5 10. Nxd5 Qxd5 11. Nb3 Qxd2+ 12. Bxd2 Bf6 13. O-O-O Nd7 14.
g4 Ne5 15. Be2 Ng6 16. f4 Re8 17. g5 Bxb2+ 18. Kxb2 Rxe2 19. h4 Bg4 20. h5 Ne7 21. h6 Nd5 22. hxg7 Rae8 23. Rh4 Bf3 24. Nd4 Rf2 25.
Nxf3 Rxf3 26. Rdh1 Kxg7 27. Rxh7+ Kf8 28. Rh8+ Ke7 29.
Re1+ Kd6 30. Rhxe8 Rf2 31. R1e2 Rf1 32. c4 Nb6 33. Kb3 Nd7 34. Bb4+ c5 35. Rd2+ Kc6 36. Rc8+ Kb6 37. Rxd7 cxb4 38. Rd6+ Ka5 39. Rc5+ b5 40. Rxb5# 1-0

[Event "*** SCC Grand Prix: Titled Tuesday Blitz"]
[Site "Chess.com"]
[Date "2020.06.23"]
[Round "2"]
[White "Sadykov_Ramil"]
[Black "Ginger_GM"]
[Result "0-1"]
[WhiteElo "2397"]
[BlackElo "2665"]
[TimeControl "180+1"]
[EndTime "10:18:28 PDT"]
[Termination "Ginger_GM won by checkmate"]

1. e4 e6 2. d4 d5 3. Nc3 Nf6 4. Bg5 Be7 5. Bxf6 Bxf6 6. Nf3 c5 7. exd5 exd5 8. dxc5 O-O 9. Be2 Be6 10. O-O Qa5 11.
Nxd5 Bxb2 12. Rb1 Qxc5 13. Nf4 Bc3 14. Nxe6 fxe6 15. Rxb7 Qc6 16. Rb3 Bf6 17. Nd4 Bxd4 18. Qxd4 Qxc2 19. Bf3 Nc6 20. Qd6 Rac8 21. Qxe6+ Kh8 22.
Rb7 Nd4 23. Qe5 Nxf3+ 24. gxf3 Qg6+ 25. Qg3 Qf6 26. Rxa7 Rc5 27. f4 Rc4 28. f5 h5 29.
h3 Rc5 30. Ra4 Rxf5 31. h4 Kh7 32. Kg2 Rf3 33. Qg5 Qf7 34. Ra5 Rxf2+ 35. Rxf2 Qxf2+ 36. Kh1 Qf1+ 37. Qg1 Qh3+ 38. Qh2 Rf1# 0-1

[Event "*** SCC Grand Prix: Titled Tuesday Blitz"]
[Site "Chess.com"]
[Date "2020.06.23"]
[Round "2"]
[White "JoliyRoger"]
[Black "vpsetter"]
[Result "1-0"]
[WhiteElo "2240"]
[BlackElo "2607"]
[TimeControl "180+1"]
[EndTime "10:18:28 PDT"]
[Termination "JoliyRoger won by resignation"]

1. Nf3 Nf6 2. c4 e6 3. Nc3 d5 4. cxd5 exd5 5. d4 c6 6. Bg5 Be7 7. Bxf6 Bxf6 8. e3 Bf5 9. Bd3 Bxd3 10. Qxd3 O-O 11. O-O Re8 12. b4 Nd7 13. b5 Nb6 14.
bxc6 bxc6 15. Rac1 Qd6 16. Rc2 Rac8 17. Rfc1 Qd7 18.
Ne2 Nc4 19. Nd2 Nd6 20. g3 Bd8 21. Nf3 f6 22. Kg2 Bb6 23. Qb3 Ne4 24. Nf4 g5 25. Nxd5 cxd5 26. Rxc8 Rxc8 27. Rxc8+ Qxc8 28. Qxd5+ Kg7 29.
Qxe4 Qd7 30. g4 Qf7 31. a4 Qc4 32. Qe7+ Kg6 33. Qe8+ Kg7 34. h4 Qd5 35. hxg5 fxg5 36. Qe5+ Qxe5 37. Nxe5 Bc7 38. Kf3 Kf6 39. Ke4 Ke6 40. Nf3 Kf6 41. d5 Bd6 42. Nd4 h5 43. gxh5 g4 44. h6 Kg6 45. Nf5 Bc7 46. d6 Bd8 47. Ke5 Bg5 48. Ke6 1-0

[Event "*** SCC Grand Prix: Titled Tuesday Blitz"]
[Site "Chess.com"]
[Date "2020.06.23"]
[Round "2"]
[White "Chess_Boxer123"]
[Black "ArnieChipmunk"]
[Result "1-0"]
[WhiteElo "2727"]
[BlackElo "2338"]
[TimeControl "180+1"]
[EndTime "10:18:30 PDT"]
[Termination "Chess_Boxer123 won by resignation"]

1. d4 d5 2. c4 e6 3. Nc3 Nf6 4. cxd5 Nxd5 5. e4 Nxc3 6. bxc3 c5 7. Nf3 cxd4 8. cxd4 Bb4+ 9. Bd2 Bxd2+ 10. Qxd2 O-O 11.
Bc4 b6 12. O-O Bb7 13. Rfe1 Nd7 14. Rad1 Rc8 15. Bb3 Nf6 16. Qf4 Qc7 17. Qh4 Rfd8 18. Ng5 h6 19. Nxe6 fxe6 20. Bxe6+ Kh8 21. Bxc8 Qxc8 22.
d5 Re8 23. f3 Qc3 24. Rc1 Qd4+ 25. Qf2 Qb4 26. Red1 Nd7 27. Qd4 Qd6 28. Re1 Ne5 29.
f4 Nc6 30. Qf2 Nb4 31. Rcd1 Ba6 32. e5 Qf8 33. d6 Nd3 34. Rxd3 Bxd3 35. Qd4 Bb5 36.
e6 Qf5 37. d7 Rd8 38. e7 Rxd7 39.
e8=Q+ Kh7 40. Qde4 1-0

[Event "*** SCC Grand Prix: Titled Tuesday Blitz"]
[Site "Chess.com"]
[Date "2020.06.23"]
[Round "2"]
[White "Bubar"]
[Black "Bayernbk"]
[Result "1/2-1/2"]
[WhiteElo "2266"]
[BlackElo "2450"]
[TimeControl "180+1"]
[EndTime "10:18:30 PDT"]
[Termination "Game drawn by repetition"]

1. d4 Nf6 2. Nf3 e6 3. c4 d5 4. Nc3 c5 5. cxd5 Nxd5 6. e3 Nc6 7. Be2 Be7 8. O-O O-O 9. Nxd5 Qxd5 10. dxc5 Qxd1 11. Rxd1 Bxc5 12. b3 Rd8 13. Bb2 Bd7 14. Nd4 Nxd4 15. Bxd4 Bxd4 16. Rxd4 Bc6 17. Rad1 Rxd4 18.
Rxd4 Kf8 19. f3 Ke7 20. Kf2 Rd8 21. Rxd8 Kxd8 22. e4 Ke7 23. Ke3 e5 24. Bc4 f6 25. b4 Kd6 26. a3 b6 27. Kd3 a5 28.
Kc3 Bd7 29. Bb3 Be8 30. Bc4 Ba4 31. Bd3 Bd7 32. Bc4 g5 33. g3 Ba4 34. Kd2 Be8 35.
Ke3 h6 36. h4 Bh5 37. hxg5 fxg5 38. g4 Be8 39. Kd2 Bg6 40. Kc3 h5 41. gxh5 Bxh5 42.
Be2 Bf7 43. Bd3 Be6 44. Bc4 Bxc4 45. Kxc4 axb4 46. axb4 Kc6 47. b5+ Kd6 48. Kb4 Ke7 49. Kc4 Ke6 50. Kb4 Kd6 51. Kc4 Ke6 52. Kb4 Kd6 53.
Kc4 Ke6 1/2-1/2

[Event "*** SCC Grand Prix: Titled Tuesday Blitz"]
[Site "Chess.com"]
[Date "2020.06.23"]
[Round "2"]
[White "KaterynaLagno"]
[Black "MasterKroket"]
[Result "1-0"]
[WhiteElo "2679"]
[BlackElo "2420"]
[TimeControl "180+1"]
[EndTime "10:18:31 PDT"]
[Termination "KaterynaLagno won by resignation"]

1. e4 c5 2. Nf3 e6 3. d4 cxd4 4. Nxd4 Nc6 5. Nc3 Qc7 6. Be2 a6 7. Be3 Nf6 8. O-O Bb4 9. Na4 O-O 10. c4 Bd6 11. g3 Nxe4 12. Bf3 f5 13. Rc1 Ne5 14.
c5 Be7 15. Nb6 Rb8 16. Bg2 Ng4 17. Bf4 e5 18. Nxf5 Rxf5 19. Qxg4 Rxf4 20. gxf4 d5 21.
Nxc8 Rxc8 22. Qe6+ Kh8 23. Qxd5 Nf6 24. Qxb7 exf4 25. Qxc7 Rxc7 26. c6 g5 27. Rfe1 Bb4 28. Red1 g4 29. a3 Bf8 30. Rd8 Kg7 31. Rb8 f3 32. Rb7 Bd6 33. Rd1 Be5 34. Bf1 Kf7 35. Bxa6 Ke7 36. b4 Nh5 37. b5 Nf4 38. b6 Rxb7 39. cxb7 Nh3+ 40. Kf1 Bxh2 41. Rc1 h5 42. Rc7+ Bxc7 43. bxc7 1-0

[Event "*** SCC Grand Prix: Titled Tuesday Blitz"]
[Site "Chess.com"]
[Date "2020.06.23"]
[Round "2"]
[White "Susal_De_Silva"]
[Black "talaicito"]
[Result "1-0"]
[WhiteElo "2391"]
[BlackElo "2087"]
[TimeControl "180+1"]
[EndTime "10:18:31 PDT"]
[Termination "Susal_De_Silva won by resignation"]

1. e4 e5 2. Nf3 Nc6 3. Bc4 Nf6 4. d3 Bc5 5. O-O d6 6. c3 h6 7. Nbd2 O-O 8. h3 Bb6 9. Bb3 Ne7 10. Re1 Ng6 11. Nf1 Re8 12. Ng3 c6 13. Bc2 d5 14.
d4 dxe4 15. Nxe4 Nxe4 16. Bxe4 exd4 17. cxd4 f5 18. Bc2 Rxe1+ 19. Qxe1 Bxd4 20. Nxd4 Qxd4 21. Bb3+ Kf8 22. Be3 Qe4 23. Bc5+ Ne7 24. Qd2 Be6 25. Re1 Bxb3 26. Rxe4 fxe4 27. axb3 Re8 28. Qd7 b6 29.
Bd6 Kf7 30. Qxa7 Ke6 31. Bxe7 Rxe7 32. Qxb6 Kd6 33. b4 Re5 34. b5 Rxb5 35. Qd4+ Rd5 36. Qxe4 Rg5 37. f4 Rd5 38. Qg6+ Kc5 39. Qxg7 Kb4 40.
Qc3+ Kb5 41. f5 Rd1+ 42. Kh2 Rd5 43. f6 c5 44. f7 Rd7 45. f8=Q 1-0

[Event "*** SCC Grand Prix: Titled Tuesday Blitz"]
[Site "Chess.com"]
[Date "2020.06.23"]
[Round "2"]
[White "PattyCastillo"]
[Black "chenxiaoyuer"]
[Result "0-1"]
[WhiteElo "1914"]
[BlackElo "2367"]
[TimeControl "180+1"]
[EndTime "10:18:31 PDT"]
[Termination "chenxiaoyuer won on time"]

1. d4 Nf6 2. Nf3 g6 3. Nc3 d5 4. Bf4 Bg7 5. e3 O-O 6. Be2 Bg4 7. Ne5 Bxe2 8. Qxe2 Nbd7 9. h4 c5 10. h5 cxd4 11. exd4 Nxh5 12. Rxh5 gxh5 13. Qxh5 Nxe5 14. Bxe5 f6 15. Bf4 e6 16. O-O-O Qe8 17. Qg4 Kh8 18.
Rh1 f5 19. Qh3 Qg6 20. Be5 Bxe5 21. dxe5 Qg7 22. f4 a6 23. Ne2 Rae8 24. Nd4 Re7 25. Nf3 Kg8 26. Ng5 Qg6 27. Qb3 h6 28. Nf3 Rh7 29.
a4 Qg4 30. Rg1 Qxf4+ 31. Kb1 Qe4 32. g4 fxg4 0-1

[Event "*** SCC Grand Prix: Titled Tuesday Blitz"]
[Site "Chess.com"]
[Date "2020.06.23"]
[Round "2"]
[White "GregShahade"]
[Black "Guenplen"]
[Result "0-1"]
[WhiteElo "2576"]
[BlackElo "2924"]
[TimeControl "180+1"]
[EndTime "10:18:32 PDT"]
[Termination "Guenplen won by resignation"]

1. e4 c5 2. Nf3 e6 3. d4 cxd4 4. Nxd4 Nf6 5. Nc3 Nc6 6. Nxc6 bxc6 7. e5 Nd5 8. Ne4 Bb7 9. c4 Nb4 10. a3 Qa5 11. Bd2 Qxe5 12. axb4 Qxe4+ 13. Qe2 Qxe2+ 14. Bxe2 c5 15. b5 Bxg2 16. Rg1 Bb7 17. Be3 d5 18. cxd5 exd5 19. O-O-O d4 20. Bf4 f5 21. Bc4 Kd7 22. Rde1 Re8 23. Rxe8 Kxe8 24. Re1+ Kd7 25. Be6+ Kd8 26.
Bxf5 Be7 27. Bc7+ Kxc7 28. Rxe7+ Kb6 29. Rxg7 Rf8 30. Bd3 Rxf2 31. Rxh7 Bd5 32. Rh6+ Kc7 33. Rh7+ Kb6 34. Rh6+ Ka5 35. Ra6+ Kb4 36. Rxa7 c4 37. Bc2 Kxb5 38. h4 Rh2 39. Rd7 Kc5 40. Rc7+ Kd6 41.
Rc8 Rxh4 42. Kb1 Rh1+ 43. Ka2 d3 44. Ba4 c3+ 45. Bb3 Bxb3+ 46. Kxb3 c2 47. Rd8+ Ke7 48. Rxd3 c1=Q 0-1

[Event "*** SCC Grand Prix: Titled Tuesday Blitz"]
[Site "Chess.com"]
[Date "2020.06.23"]
[Round "2"]
[White "TheLawAdv"]
[Black "rynos0411"]
[Result "0-1"]
[WhiteElo "2015"]
[BlackElo "2379"]
[TimeControl "180+1"]
[EndTime "10:18:32 PDT"]
[Termination "rynos0411 won by checkmate"]

1. e4 c5 2. Nc3 d6 3. g3 g6 4. Bg2 Bg7 5. d3 Nc6 6. Be3 Nf6 7. h3 O-O 8. Nge2 a6 9. Qd2 Rb8 10. f4 b5 11. e5 b4 12. exf6 bxc3 13. bxc3 Bxf6 14.
Bxc6 Qc7 15. Bg2 Bb7 16. Bxb7 Qxb7 17. O-O Rfe8 18. f5 d5 19. Bxc5 Qc7 20. Bd4 Bxd4+ 21. cxd4 Rb2 22. Rac1 Rxa2 23. h4 Rc8 24. Qe3 Qd6 25.
fxg6 hxg6 26. c4 dxc4 27. dxc4 Rb8 28. c5 Qd5 29. Qxe7 Rbb2 30. Qe8+ Kg7 31. Rf2 Qb3 32.
Rcf1 f5 33. Qe5+ Kg8 34. Qe8+ Kg7 35. Qd7+ Kg8 36. Qd8+ Kg7 37. Qg5 Rxe2 38. h5 Re6 39. hxg6 Rxg6 40. Qe7+ Kg8 41. Rxa2 Qxg3+ 42. Kh1 Qh3+ 43.
Rh2 Qxf1# 0-1

[Event "*** SCC Grand Prix: Titled Tuesday Blitz"]
[Site "Chess.com"]
[Date "2020.06.23"]
[Round "2"]
[White "WIDBIFS"]
[Black "boasovietica"]
[Result "1-0"]
[WhiteElo "2708"]
[BlackElo "2474"]
[TimeControl "180+1"]
[EndTime "10:18:33 PDT"]
[Termination "WIDBIFS won by resignation"]

1. d4 Nf6 2. Nf3 g6 3. g3 Bg7 4. Bg2 O-O 5. O-O d6 6. c4 c5 7.
Nc3 Nc6 8. dxc5 dxc5 9. Be3 Nd7 10. Qd2 Qa5 11. Rac1 Rd8 12. b3 Nf6 13. Nd5 Qxd2 14. Nxd2 e6 15. Nxf6+ Bxf6 16. Ne4 Bd4 17. Bg5 Rf8 18.
e3 f5 19. exd4 fxe4 20. dxc5 Nd4 21. Bxe4 Ne2+ 22. Kg2 Nxc1 23. Rxc1 Rf7 24. Bf4 Rd7 25.
Bd6 Rd8 26. h4 Kf7 27. h5 a5 28. hxg6+ hxg6 29. Rh1 a4 30. b4 a3 31. Rh7+ Kf6 32. Be7+ 1-0

[Event "*** SCC Grand Prix: Titled Tuesday Blitz"]
[Site "Chess.com"]
[Date "2020.06.23"]
[Round "2"]
[White "TimKett"]
[Black "JozefKneht"]
[Result "0-1"]
[WhiteElo "2200"]
[BlackElo "2439"]
[TimeControl "180+1"]
[EndTime "10:18:33 PDT"]
[Termination "JozefKneht won by resignation"]

1. e4 e5 2. f4 exf4 3. Nf3 g5 4. Nc3 Bg7 5. d4 d6 6. g3 g4 7. Nh4 f3 8. Be3 Nc6 9. Qd2 h5 10. O-O-O Bd7 11. h3 Nce7 12. hxg4 hxg4 13. Bc4 c6 14.
Bg5 b5 15. Bb3 a5 16. Qf4 f6 17. e5 d5 18. exf6 Nxf6 19. Bxf6 Rf8 20. Bxe7 Qxe7 21. Qd2 Qd6 22. Rhe1+ Kd8 23. Qd3 a4 24. Bxd5 cxd5 25. Nxb5 Qxg3 26. Ng6 Rf6 27. Ne5 Qf4+ 28. Kb1 f2 29.
Rf1 g3 30. Nxd7 Kxd7 31. Nc3 Qd6 32. Nb5 Qb8 33. Qh7 Rf7 34. Qh3+ Ke7 35. Rde1+ fxe1=Q+ 36. Rxe1+ Kf8 37. Qe6 Qxb5 38. Rg1 Rf1+ 0-1

[Event "*** SCC Grand Prix: Titled Tuesday Blitz"]
[Site "Chess.com"]
[Date "2020.06.23"]
[Round "2"]
[White "GOGIEFF"]
[Black "Arman_Hakemi"]
[Result "1/2-1/2"]
[WhiteElo "2887"]
[BlackElo "2575"]
[TimeControl "180+1"]
[EndTime "10:18:34 PDT"]
[Termination "Game drawn by repetition"]

1. d4 Nf6 2. c4 e6 3. Nc3 Bb4 4. e3 O-O 5. Bd3 d5 6. Nf3 c5 7. O-O Nc6 8. a3 Bxc3 9. bxc3 dxc4 10. Bxc4 b6 11. Bb2 Bb7 12. Bd3 Qc7 13. e4 Rad8 14. Qe2 Ne7 15. Rad1 Ng6 16. g3 Rc8 17. h4 Rfd8 18. Rfe1 e5 19. d5 Ne8 20. c4 f6 21.
h5 Nf8 22. h6 g6 23. Nh2 Nd6 24. Ng4 Qe7 25. f4 Nf7 26. Rf1 Nd7 27. Rf3 Rf8 28.
Rdf1 Nd6 29. R1f2 Rf7 30. a4 Rcf8 31. Bc3 Ba6 32. a5 bxa5 33. Qa2 exf4 34. Rxf4 Ne5 35. Bxe5 fxe5 36. Rxf7 Rxf7 37. Rxf7 Nxf7 38. Qxa5 Bc8 39. Be2 Bxg4 40. Bxg4 Qg5 41. Be6 Qxg3+ 42. Kf1 Qf3+ 43.
Kg1 Qg3+ 44. Kf1 Qf3+ 45. Kg1 Qg3+ 1/2-1/2